[Event "Stay Safe Play From Home 363"]
[Site "Emanuel Lasker Arena"]
[Date "2020.08.06"]
[Round "1"]
[White "Haris kollari 13"]
[Black "Ao017545"]
[Result "1-0"]
[WhiteElo "1798"]
[BlackElo "1665"]
[Annotator "NA RC"]
[PlyCount "77"]
[EventDate "2020.08.06"]
[EventType "swiss (blitz)"]
[TimeControl "180"]

1. e4 e5 2. f4 Nf6 3. fxe5 Nxe4 4. Qf3 f5 5. d3 Nc5 6. Qxf5 d5 7. Qf3 Nc6 8. Nc3 Nd4 9. Qd1 Qh4+ 10. g3 Qe7 11. Bf4 h5 12. Nxd5 Qd8 13. Bg2 Bg4 14. Qd2 Nf3+ 15. Nxf3 Qxd5 16. Ng5 Qd7 17. h3 Bf5 18. O-O-O O-O-O 19. Kb1 Qb5 20. d4 Na4 21. b3 Qb6 22. Be4 Bb4 23. Qd3 Nc3+ 24. Ka1 Bxe4 25. Nxe4 Qa5 26. Nxc3 Bxc3+ 27. Kb1 Rd5 28. Qc4 b5 29. Qxd5 Qa3 30. Bc1 Qb4 31. Qa8+ Kd7 32. Qxh8 a5 33. Qxg7+ Kc6 34. d5+ Kb7 35. d6 a4 36. Qxc7+ Ka6 37. Qc6+ Ka7 38. d7 axb3 39. cxb3 {[%emt 0:00:03] Zaman} 1-0